[Event "12th National Amateur Chess-ch 2025"]
[Site "Bihar"]
[Date "2025.03.26"]
[Round "3.1"]
[White "Anadkat Kartavya"]
[Black "Amartya Saumitra Gupta"]
[Result "1-0"]
[Annotator "NA"]
[ECO "B96"]
[WhiteElo "2175"]
[BlackElo "1884"]
[PlyCount "61"]
[EventDate "2025.03.25"]
[EventCountry "IND"]
[SourceTitle "playchess.com"]
[Source "ChessBase"]
[SourceQuality "1"]
[TimeControl "5400+30"]

1. e4 c5 2. Nf3 d6 3. d4 cxd4 4. Nxd4 Nf6 5. Nc3 a6 6. Bg5 e6 7. f4 h6 8. Bh4 Qb6 9. a3 Be7 10. Bf2 Qc7 11. Qf3 b5 12. O-O-O Bb7 13. g4 Nbd7 14. h4 Nc5 15. Bd3 d5 16. e5 Nfe4 17. Bxe4 Nxe4 18. Be1 Rc8 19. Kb1 Nxc3+ 20. Bxc3 Bxa3 21. bxa3 Qxc3 22. Rd3 Qa5 23. f5 Qb6 24. Rf1 Rc7 25. Qf2 O-O 26. fxe6 Bc8 27. g5 h5 28. e7 Rxe7 29. Nf5 Bxf5 30. Qd4 Qc5 31. Qxc5 1-0

[Event "12th National Amateur Chess-ch 2025"]
[Site "Bihar"]
[Date "2025.03.26"]
[Round "3.2"]
[White "Reyan"]
[Black "Pratiyush Kumar"]
[Result "0-1"]
[Annotator "NA RC"]
[ECO "B23"]
[WhiteElo "2005"]
[BlackElo "1817"]
[PlyCount "72"]
[EventDate "2025.03.25"]
[EventCountry "IND"]
[SourceTitle "playchess.com"]
[Source "ChessBase"]
[SourceQuality "1"]
[TimeControl "5400+30"]

1. e4 c5 2. Nc3 Nc6 3. Bb5 Nd4 4. Nf3 Nxb5 5. Nxb5 d6 6. d4 a6 7. Nc3 cxd4 8. Qxd4 e5 9. Qd3 h6 10. Be3 Nf6 11. h3 Be7 12. O-O-O Be6 13. g4 b5 14. g5 hxg5 15. Nxg5 Bc4 16. Qd2 Qa5 17. a3 b4 18. Nb1 d5 19. Qe1 Rc8 20. axb4 Bxb4 21. Bd2 Bb3 22. Bc3 Bxc3 23. bxc3 Ba2 24. exd5 O-O 25. c4 Qa4 26. Nc3 Qa3+ 27. Kd2 Rxc4 28. Qe3 Rfc8 29. Nxa2 Qxa2 30. Ke1 Rc3 31. Qa7 Rxc2 32. Qxf7+ Kh8 33. Rh2 Qc4 34. Rd2 Rc1+ 35. Rd1 Rxd1+ 36. Kxd1 Qd3+ 0-1

[Event "12th National Amateur Chess-ch 2025"]
[Site "Bihar"]
[Date "2025.03.26"]
[Round "3.3"]
[White "Ayaan Garg"]
[Black "Shreyas"]
[Result "1-0"]
[Annotator "NA RC"]
[ECO "D58"]
[WhiteElo "1983"]
[BlackElo "1798"]
[PlyCount "81"]
[EventDate "2025.03.25"]
[EventCountry "IND"]
[SourceTitle "playchess.com"]
[Source "ChessBase"]
[SourceQuality "1"]
[TimeControl "5400+30"]

1. d4 Nf6 2. c4 e6 3. Nc3 d5 4. Nf3 Be7 5. Bg5 h6 6. Bh4 O-O 7. e3 b6 8. Bxf6 Bxf6 9. cxd5 exd5 10. Qb3 Be6 11. Rd1 c6 12. Bd3 Re8 13. O-O g6 14. Qc2 Bg7 15. h3 Qd6 16. e4 dxe4 17. Bxe4 Bd5 18. Bxd5 cxd5 19. Rc1 a6 20. Qb3 Rd8 21. Rfe1 b5 22. Ne5 Ra7 23. a4 b4 24. Na2 a5 25. f4 Rc7 26. Rxc7 Qxc7 27. Rc1 Qb6 28. Rc5 Bxe5 29. fxe5 Nc6 30. Qe3 h5 31. Nc1 Ne7 32. Nb3 Ra8 33. Qf3 Nf5 34. Qxd5 Rd8 35. Qc4 Qb7 36. Rc7 Qd5 37. Qxd5 Rxd5 38. Rc5 Rd7 39. d5 Re7 40. d6 Rd7 41. Nxa5 1-0

[Event "12th National Amateur Chess-ch 2025"]
[Site "Bihar"]
[Date "2025.03.26"]
[Round "3.4"]
[White "Vidit Sethi"]
[Black "Vatsal Singla"]
[Result "1-0"]
[Annotator "NA RC"]
[ECO "D30"]
[WhiteElo "1832"]
[BlackElo "1917"]
[PlyCount "69"]
[EventDate "2025.03.25"]
[EventCountry "IND"]
[SourceTitle "playchess.com"]
[Source "ChessBase"]
[SourceQuality "1"]
[TimeControl "5400+30"]

1. d4 d5 2. c4 e6 3. g3 dxc4 4. Bg2 c6 5. Nf3 b5 6. a4 Bb7 7. O-O Nd7 8. b3 cxb3 9. Nbd2 b4 10. Qxb3 a5 11. Ne5 Nxe5 12. dxe5 Ne7 13. Nc4 Nc8 14. Rd1 Qc7 15. Bb2 Be7 16. Nd6+ Nxd6 17. exd6 Bxd6 18. Bxg7 Rg8 19. Bf6 Rg6 20. Bh4 Rc8 21. Be4 f5 22. Bf3 Be5 23. Bh5 Kf7 24. Ra2 Bc3 25. Rc2 c5 26. Bxg6+ hxg6 27. Rxc3 bxc3 28. Qxc3 e5 29. Qc4+ Kg7 30. Qe6 Qc6 31. Rd7+ Kh6 32. Bg5+ Kh5 33. Rh7+ Kg4 34. h3+ Kxg5 35. Qe7+ 1-0

[Event "12th National Amateur Chess-ch 2025"]
[Site "Bihar"]
[Date "2025.03.26"]
[Round "3.5"]
[White "Shelke Omkar"]
[Black "Gurung Rohit"]
[Result "0-1"]
[Annotator "NA RC"]
[ECO "A54"]
[WhiteElo "1819"]
[BlackElo "1902"]
[PlyCount "78"]
[EventDate "2025.03.25"]
[EventCountry "IND"]
[SourceTitle "playchess.com"]
[Source "ChessBase"]
[SourceQuality "1"]
[TimeControl "5400+30"]

1. Nf3 d6 2. c4 e5 3. Nc3 Nf6 4. d4 e4 5. Ng5 Qe7 6. Qc2 Nc6 7. Nd5 Nxd4 8. Qa4+ b5 9. cxb5 Nxd5 10. Qxd4 Nf6 11. g3 h6 12. Nh3 g5 13. Bg2 Bg7 14. Bd2 O-O 15. O-O a6 16. bxa6 Bxa6 17. Bc3 c5 18. Qd2 Rfd8 19. b4 cxb4 20. Bxb4 Qe6 21. Rfd1 Ng4 22. Rac1 d5 23. f4 exf3 24. exf3 Qe3+ 25. Kh1 Qxd2 26. Bxd2 Ne5 27. Nf2 Bc4 28. f4 gxf4 29. gxf4 Ng6 30. Rxc4 dxc4 31. Bxa8 Rxa8 32. f5 Nh4 33. f6 Bxf6 34. Ne4 Be5 35. Bxh6 Rxa2 36. Ng5 Bd4 37. h3 f6 38. Rxd4 fxg5 39. Rxc4 Nf3 0-1

[Event "12th National Amateur Chess-ch 2025"]
[Site "Bihar"]
[Date "2025.03.26"]
[Round "3.6"]
[White "Salil, Kumar D."]
[Black "Anchal, Rastogi"]
[Result "1-0"]
[Annotator "NA RC"]
[ECO "B22"]
[WhiteElo "1777"]
[BlackElo "1832"]
[PlyCount "65"]
[EventDate "2025.03.25"]
[EventCountry "IND"]
[SourceTitle "playchess.com"]
[Source "ChessBase"]
[SourceQuality "1"]
[TimeControl "5400+30"]

1. e4 c5 2. Nf3 e6 3. c3 Nf6 4. e5 Nd5 5. d4 d6 6. Bd3 Nc6 7. O-O cxd4 8. cxd4 dxe5 9. Nxe5 Nxe5 10. dxe5 Bd7 11. Be4 Bc6 12. Nc3 Nxc3 13. Bxc6+ bxc6 14. bxc3 Qxd1 15. Rxd1 Bc5 16. Rb1 Bb6 17. Be3 c5 18. Rb5 Ke7 19. Bxc5+ Bxc5 20. Rxc5 Rhc8 21. Rxc8 Rxc8 22. Rd3 Rc4 23. g3 g5 24. Kf1 Re4 25. Re3 Ra4 26. Re2 Kd7 27. Ke1 Kc6 28. Kd1 Ra3 29. Rc2 Kd5 30. Kc1 Kxe5 31. Kb2 Ra6 32. Rd2 g4 33. Rd7 1-0

[Event "12th National Amateur Chess-ch 2025"]
[Site "Bihar"]
[Date "2025.03.26"]
[Round "3.7"]
[White "Aman Balana"]
[Black "Shitiz Prasad"]
[Result "1-0"]
[Annotator "NA RC"]
[ECO "C54"]
[WhiteElo "1827"]
[BlackElo "1798"]
[PlyCount "65"]
[EventDate "2025.03.25"]
[EventCountry "IND"]
[SourceTitle "playchess.com"]
[Source "ChessBase"]
[SourceQuality "1"]
[TimeControl "5400+30"]

1. e4 e5 2. Nf3 Nc6 3. Bc4 Bc5 4. O-O Nf6 5. d3 O-O 6. c3 d5 7. exd5 Nxd5 8. Re1 Be6 9. b4 Bd6 10. Bg5 f6 11. Bh4 g5 12. Qb3 Nce7 13. Bg3 Bf7 14. a4 c6 15. a5 a6 16. Nbd2 Kg7 17. Ne4 Nf5 18. Nxd6 Nxd6 19. Rad1 Nf5 20. d4 Nxg3 21. hxg3 g4 22. Nh4 exd4 23. Rxd4 Qc8 24. Qc2 Kh8 25. Bd3 c5 26. Rc4 h5 27. Rxc5 Qd8 28. Bg6 Rc8 29. Bxf7 Rxf7 30. Qg6 Rh7 31. Rxc8 Qxc8 32. Re8+ Qxe8 33. Qxe8+ 1-0

[Event "12th National Amateur Chess-ch 2025"]
[Site "Bihar"]
[Date "2025.03.26"]
[Round "3.8"]
[White "Vivaan Sachdev"]
[Black "Ayushman Mohanty"]
[Result "0-1"]
[Annotator "NA RC"]
[ECO "C47"]
[WhiteElo "1771"]
[BlackElo "1827"]
[PlyCount "60"]
[EventDate "2025.03.25"]
[EventCountry "IND"]
[SourceTitle "playchess.com"]
[Source "ChessBase"]
[SourceQuality "1"]
[TimeControl "5400+30"]

1. e4 e5 2. Nf3 Nc6 3. Nc3 Nf6 4. a3 Be7 5. d4 exd4 6. Nxd4 Nxd4 7. Qxd4 d6 8. Bb5+ Bd7 9. Bxd7+ Qxd7 10. O-O O-O 11. Bg5 Rfe8 12. f3 h6 13. Bh4 a6 14. Rad1 Rad8 15. Kh1 Nh7 16. Bxe7 Qxe7 17. Nd5 Qd7 18. Qc3 c6 19. Ne3 Qe6 20. Nf5 Nf6 21. Rd3 d5 22. Rfd1 Rd7 23. g4 Kh7 24. exd5 Rxd5 25. Rxd5 cxd5 26. Qd3 g6 27. Nd4 Qe5 28. Rd2 Qe1+ 29. Kg2 Re3 30. Rd1 Rxd3 0-1

[Event "12th National Amateur Chess-ch 2025"]
[Site "Bihar"]
[Date "2025.03.26"]
[Round "3.9"]
[White "Pathak Anshu Kr"]
[Black "Akash Srivastav"]
[Result "1-0"]
[Annotator "NA RC"]
[ECO "B30"]
[WhiteElo "1585"]
[BlackElo "1689"]
[PlyCount "81"]
[EventDate "2025.03.25"]
[EventCountry "IND"]
[SourceTitle "playchess.com"]
[Source "ChessBase"]
[SourceQuality "1"]
[TimeControl "5400+30"]

1. e4 c5 2. Nc3 Nc6 3. Bb5 Nd4 4. Nf3 Nxb5 5. Nxb5 Nf6 6. e5 Nd5 7. Qe2 Nf4 8. Qe4 Ne6 9. O-O g6 10. d4 a6 11. Nd6+ exd6 12. d5 Bg7 13. dxe6 dxe6 14. Bg5 Qc7 15. exd6 Qc6 16. Qf4 O-O 17. Bf6 Bxf6 18. Qxf6 Qxd6 19. Rad1 Qc7 20. Ne5 b6 21. Rd3 Ra7 22. Rfd1 Qe7 23. Qf4 f6 24. Nc6 Qc7 25. Rd6 Ra8 26. Qh4 Kg7 27. Qg3 e5 28. Nxe5 Ra7 29. Nc6 Rb7 30. Nd8 Ra7 31. h4 Bf5 32. R1d5 Kh8 33. Rxf5 Rxd8 34. Rfxf6 Rxd6 35. Rxd6 Ra8 36. Qe5+ Qg7 37. Qd5 Re8 38. Rd7 Qf6 39. g3 Re1+ 40. Kg2 Re2 41. Qa8+ 1-0

[Event "12th National Amateur Chess-ch 2025"]
[Site "Bihar"]
[Date "2025.03.26"]
[Round "3.10"]
[White "Tejas Shandilya"]
[Black "Mishra Jayesh"]
[Result "1-0"]
[Annotator "NA RC"]
[ECO "D78"]
[WhiteElo "1675"]
[BlackElo "1586"]
[PlyCount "111"]
[EventDate "2025.03.25"]
[EventCountry "IND"]
[SourceTitle "playchess.com"]
[Source "ChessBase"]
[SourceQuality "1"]
[TimeControl "5400+30"]

1. d4 Nf6 2. Nf3 g6 3. g3 Bg7 4. Bg2 c6 5. O-O O-O 6. b3 d5 7. Bb2 Bf5 8. Nbd2 Qc8 9. c4 Bh3 10. Rc1 Bxg2 11. Kxg2 Nbd7 12. cxd5 Nxd5 13. Ba3 a5 14. Nb1 N7f6 15. Re1 Qg4 16. e3 Ne4 17. Nfd2 Qxd1 18. Rexd1 Nxd2 19. Rxd2 Rfe8 20. e4 Nb6 21. Nc3 a4 22. Bc5 Nd7 23. Nxa4 e5 24. dxe5 Nxe5 25. f4 Ng4 26. Kf3 Nf6 27. e5 Nd5 28. Nb6 Nxb6 29. Bxb6 Ra6 30. Bc7 Bf8 31. a4 Bb4 32. Rd7 b5 33. a5 Kf8 34. Bd6+ Bxd6 35. Rxd6 Rxa5 36. Rcxc6 Ra2 37. Rc7 Rb2 38. Rdd7 Rxb3+ 39. Kg4 b4 40. Rxf7+ Kg8 41. Rg7+ Kh8 42. Rxh7+ Kg8 43. Rcg7+ Kf8 44. Kg5 Re6 45. Rb7 Kg8 46. Rhd7 Kf8 47. Rf7+ Kg8 48. Rg7+ Kf8 49. Rgc7 Rb2 50. Rc8+ Re8 51. Rxe8+ Kxe8 52. e6 Rxh2 53. Kf6 Rd2 54. Rb8+ Rd8 55. Rxd8+ Kxd8 56. Kf7 1-0

[Event "12th National Amateur Chess-ch 2025"]
[Site "Bihar"]
[Date "2025.03.26"]
[Round "3.11"]
[White "Aatman Raval"]
[Black "Shreyansh Das"]
[Result "1/2-1/2"]
[Annotator "NA RC"]
[ECO "D87"]
[WhiteElo "1667"]
[BlackElo "1583"]
[PlyCount "76"]
[EventDate "2025.03.25"]
[EventCountry "IND"]
[SourceTitle "playchess.com"]
[Source "ChessBase"]
[SourceQuality "1"]
[TimeControl "5400+30"]

1. d4 Nf6 2. c4 g6 3. Nc3 d5 4. cxd5 Nxd5 5. e4 Nxc3 6. bxc3 Bg7 7. Bc4 O-O 8. Ne2 c5 9. O-O Qc7 10. Bd3 Nc6 11. Be3 Rd8 12. Rc1 Qa5 13. Bc4 cxd4 14. Nxd4 Ne5 15. Qb3 Nxc4 16. Qxc4 e5 17. Nb5 Be6 18. Qb4 Qxa2 19. Nc7 Rac8 20. Ra1 Qc4 21. Nxe6 Qxe6 22. Rxa7 b5 23. Rb7 Rc4 24. Qxb5 Rxc3 25. Rb8 Rxb8 26. Qxb8+ Rc8 27. Qb5 h5 28. h3 Rd8 29. Rc1 Rc8 30. Rxc8+ Qxc8 31. Qd5 Qc7 32. Qc5 Qb7 33. Qc2 Qd7 34. Qd2 Qc6 35. Qd3 Qb7 36. Qc2 Qd7 37. Qd2 Qc6 38. Qd3 Qb7 1/2-1/2

[Event "12th National Amateur Chess-ch 2025"]
[Site "Bihar"]
[Date "2025.03.26"]
[Round "3.12"]
[White "Nevin Jose"]
[Black "Adithya Vishveshwaran M"]
[Result "0-1"]
[Annotator "NA"]
[ECO "A46"]
[WhiteElo "1581"]
[BlackElo "1667"]
[PlyCount "40"]
[EventDate "2025.03.25"]
[EventCountry "IND"]
[SourceTitle "playchess.com"]
[Source "ChessBase"]
[SourceQuality "1"]
[TimeControl "5400+30"]

1. d4 c5 2. c3 Nf6 3. Nf3 Nc6 4. Bf4 cxd4 5. cxd4 Qb6 6. b3 Ne4 7. Nbd2 d5 8. e3 Bf5 9. Nxe4 Bxe4 10. Nd2 e6 11. f3 Bg6 12. a3 f6 13. Kf2 e5 14. dxe5 fxe5 15. Bg5 h6 16. Bh4 Bc5 17. b4 Bxe3+ 18. Ke1 Qd4 19. Bg3 Bxd2+ 20. Qxd2 Qxa1+ 0-1

[Event "12th National Amateur Chess-ch 2025"]
[Site "Bihar"]
[Date "2025.03.26"]
[Round "3.13"]
[White "Bristy Mukherjee"]
[Black "Arpita Patankar"]
[Result "1-0"]
[Annotator "NA RC"]
[ECO "B07"]
[WhiteElo "1985"]
[BlackElo "1750"]
[PlyCount "95"]
[EventDate "2025.03.25"]
[EventCountry "IND"]
[SourceTitle "playchess.com"]
[Source "ChessBase"]
[SourceQuality "1"]
[TimeControl "5400+30"]

1. d4 g6 2. e4 d6 3. Bc4 Nf6 4. Nc3 Bg7 5. f3 O-O 6. Be3 Nbd7 7. Qd2 c5 8. Rd1 Nb6 9. Be2 cxd4 10. Bxd4 Be6 11. b3 Rc8 12. h4 Qc7 13. Nb5 Qb8 14. c4 a6 15. Nc3 Nbd7 16. g4 h5 17. gxh5 Nxh5 18. Bxg7 Kxg7 19. f4 f5 20. Bxh5 gxh5 21. Nf3 fxe4 22. Qd4+ Kh6 23. Rg1 Bg4 24. Nxe4 Qc7 25. Nh2 Qa5+ 26. Rd2 Qf5 27. Rdg2 Rg8 28. Ng5 Qb1+ 29. Kd2 Qxa2+ 30. Kc3 Qa5+ 31. Kb2 Nf6 32. Nxg4+ hxg4 33. Re2 Qc7 34. Rge1 Rce8 35. Rxe7 Rxe7 36. Qxf6+ Rg6 37. Qxe7 Qxe7 38. Rxe7 Rf6 39. Re6 Rxe6 40. Nxe6 g3 41. Nd4 Kh5 42. f5 g2 43. Ne2 Kg4 44. f6 Kf3 45. Ng1+ Kf2 46. f7 Kxg1 47. f8=Q Kh1 48. Qf3 1-0

[Event "12th National Amateur Chess-ch 2025"]
[Site "Bihar"]
[Date "2025.03.26"]
[Round "3.14"]
[White "Marium Fatima"]
[Black "Nivedita V C"]
[Result "1-0"]
[Annotator "NA RC"]
[ECO "D79"]
[WhiteElo "1881"]
[BlackElo "1950"]
[PlyCount "125"]
[EventDate "2025.03.25"]
[EventCountry "IND"]
[SourceTitle "playchess.com"]
[Source "ChessBase"]
[SourceQuality "1"]
[TimeControl "5400+30"]

1. d4 Nf6 2. c4 g6 3. g3 Bg7 4. Bg2 O-O 5. Nc3 c6 6. Nf3 d5 7. cxd5 cxd5 8. Ne5 b6 9. O-O Bb7 10. Bf4 Nc6 11. Rc1 Rc8 12. Qa4 a6 13. Rfd1 b5 14. Nxc6 Rxc6 15. Qa3 Rc4 16. Nb1 Ne4 17. Be3 Qd7 18. b3 Rxc1 19. Rxc1 Rc8 20. Rxc8+ Qxc8 21. Bxe4 dxe4 22. Qxe7 Bf8 23. Qe5 Qc2 24. Nd2 Qd1+ 25. Kg2 Qxe2 26. d5 Qh5 27. Bg5 Bd6 28. Qe8+ Bf8 29. Be7 Qh6 30. Qd8 e3 31. Bxf8 Qxf8 32. Qxf8+ Kxf8 33. fxe3 Bxd5+ 34. e4 Be6 35. Kf3 f6 36. Ke3 Ke7 37. Kd4 Kd6 38. Nf3 Bg4 39. Ne1 Be6 40. Nd3 Bc8 41. b4 Be6 42. a3 g5 43. Nc5 Bc8 44. h4 h6 45. hxg5 hxg5 46. Nd3 Be6 47. e5+ fxe5+ 48. Nxe5 Bf5 49. Nf7+ Kc6 50. Nxg5 Kb6 51. Ke5 Bg6 52. Ne6 a5 53. Nf4 axb4 54. axb4 Bf7 55. Kd6 Kb7 56. g4 Kc8 57. Ke7 Bc4 58. g5 Kc7 59. g6 Bg8 60. Kf8 Bc4 61. g7 Kc6 62. Ng6 Kd6 63. Nh8 1-0

[Event "12th National Amateur Chess-ch 2025"]
[Site "Bihar"]
[Date "2025.03.26"]
[Round "3.15"]
[White "Arushi Severin Helen D Silva"]
[Black "Aamuktha Guntaka"]
[Result "1-0"]
[Annotator "NA RC"]
[ECO "A46"]
[WhiteElo "1746"]
[BlackElo "1910"]
[PlyCount "165"]
[EventDate "2025.03.25"]
[EventCountry "IND"]
[SourceTitle "playchess.com"]
[Source "ChessBase"]
[SourceQuality "1"]
[TimeControl "5400+30"]

1. d4 Nf6 2. Bf4 e6 3. Nf3 c5 4. c3 Be7 5. e3 cxd4 6. exd4 b6 7. Bd3 Ba6 8. Bxa6 Nxa6 9. Qe2 Nc7 10. Nbd2 O-O 11. h3 d6 12. O-O b5 13. Rac1 Qd7 14. Rfd1 Ncd5 15. Bh2 Rfc8 16. Ne4 Nb6 17. Nfd2 Nxe4 18. Nxe4 d5 19. Nd2 a5 20. Nf3 b4 21. Rd3 bxc3 22. Rdxc3 Bb4 23. Rc7 Qd8 24. b3 Bd6 25. Bxd6 Qxd6 26. Qe5 Qxe5 27. Nxe5 f6 28. Nd3 Rxc7 29. Rxc7 a4 30. Nc5 axb3 31. axb3 e5 32. Rb7 Nc8 33. Ne6 g6 34. Rg7+ Kh8 35. Rf7 Nd6 36. Rxf6 Ne4 37. Rf7 exd4 38. Nxd4 Kg8 39. Rd7 Ra1+ 40. Kh2 Nxf2 41. Rxd5 Rd1 42. Kg3 Ne4+ 43. Kf4 Nc5 44. Rxc5 Rxd4+ 45. Ke3 Rb4 46. Rc3 Kf7 47. Kd3 Ke6 48. Kc2 Kd5 49. Rg3 Re4 50. Rg5+ Kc6 51. Kd3 Re1 52. Kd4 Kd6 53. Rg4 Rc1 54. Rf4 Rc2 55. g3 Rd2+ 56. Kc4 Rc2+ 57. Kb4 Rh2 58. h4 Rg2 59. Rf7 Rxg3 60. Rxh7 Kc6 61. Rh6 Kb7 62. Kc4 Kc7 63. b4 Rg1 64. Kb5 Rg3 65. Rh7+ Kc8 66. Kb6 Rf3 67. b5 Rf4 68. Rc7+ Kb8 69. Rg7 Rf6+ 70. Ka5 Rf4 71. Ka6 Ra4+ 72. Kb6 Kc8 73. Rg8+ Kd7 74. Rxg6 Rxh4 75. Kb7 Rb4 76. b6 Rb1 77. Rg7+ Kd8 78. Rg2 Rd1 79. Ra2 Kd7 80. Ka7 Kc6 81. b7 Rd7 82. Rc2+ Kb5 83. Ka8 1-0

[Event "12th National Amateur Chess-ch 2025"]
[Site "Bihar"]
[Date "2025.03.26"]
[Round "3.16"]
[White "Prakash Vaishnavi"]
[Black "Lakshanaa R"]
[Result "1-0"]
[Annotator "NA RC"]
[ECO "E61"]
[WhiteElo "1749"]
[BlackElo "1748"]
[PlyCount "93"]
[EventDate "2025.03.25"]
[EventCountry "IND"]
[SourceTitle "playchess.com"]
[Source "ChessBase"]
[SourceQuality "1"]
[TimeControl "5400+30"]

1. e4 c6 2. d4 d5 3. exd5 cxd5 4. c4 Nf6 5. Nc3 g6 6. Bg5 Bg7 7. Nf3 O-O 8. Bxf6 exf6 9. cxd5 b6 10. Be2 Na6 11. O-O Nc7 12. Qb3 Bb7 13. Bc4 Qd7 14. Rfe1 Rad8 15. Rac1 Ne8 16. Bb5 Qd6 17. Qa4 Nc7 18. Bc6 Ba6 19. Ne4 Qf4 20. d6 Rxd6 21. Nxd6 Qxd6 22. b4 Bc8 23. b5 Bg4 24. h3 Bxf3 25. Bxf3 Ne6 26. d5 Nc5 27. Qxa7 Nd3 28. Rc6 Qb4 29. Rd1 Ne5 30. Qxb6 Nxf3+ 31. gxf3 Qh4 32. Qd4 Qxh3 33. Qg4 Qh6 34. d6 f5 35. Qg3 f4 36. Qg4 f5 37. Qg2 Bf6 38. d7 Bd8 39. b6 Bxb6 40. Rxb6 Qh4 41. Rxg6+ hxg6 42. Qxg6+ Kh8 43. Kg2 Rb8 44. Rh1 Qxh1+ 45. Kxh1 Rb1+ 46. Qg1 Rxg1+ 47. Kxg1 1-0

[Event "12th National Amateur Chess-ch 2025"]
[Site "Bihar"]
[Date "2025.03.26"]
[Round "3.17"]
[White "Aayusree Sarkar"]
[Black "Rani Puja"]
[Result "1-0"]
[Annotator "NA RC"]
[ECO "C54"]
[WhiteElo "1677"]
[BlackElo "1558"]
[PlyCount "95"]
[EventDate "2025.03.25"]
[EventCountry "IND"]
[SourceTitle "playchess.com"]
[Source "ChessBase"]
[SourceQuality "1"]
[TimeControl "5400+30"]

1. e4 e5 2. Nf3 Nc6 3. Bc4 Bc5 4. c3 Nf6 5. d4 exd4 6. e5 d5 7. Bb5 Ne4 8. cxd4 Bb4+ 9. Bd2 Nxd2 10. Nbxd2 Bd7 11. Bd3 Bg4 12. Be2 Bxf3 13. gxf3 Nxd4 14. Qa4+ c6 15. Kd1 Bxd2 16. Qxd4 Ba5 17. Qg4 g6 18. Kc2 Qb6 19. Raf1 Qb4 20. Qg5 Qe7 21. f4 h6 22. Qg3 O-O-O 23. Kb1 Kb8 24. Rc1 Ka8 25. Rhd1 g5 26. Rd3 gxf4 27. Qxf4 Rde8 28. Qa4 Qxe5 29. Rc2 Bb6 30. Rb3 Qc7 31. Qh4 Re4 32. Qh5 Bxf2 33. Rf3 Rf4 34. Qxd5 Rd8 35. Qh5 Rxf3 36. Bxf3 Be3 37. a3 Qd6 38. Qxf7 Qf4 39. Qe7 Qd4 40. Qc7 Bf4 41. Qe7 Bxh2 42. Rxh2 Qd3+ 43. Rc2 a6 44. Qe2 Qg6 45. Be4 Qf6 46. Rc5 Re8 47. Qc4 Qd6 48. Bxc6 1-0

[Event "12th National Amateur Chess-ch 2025"]
[Site "Bihar"]
[Date "2025.03.26"]
[Round "3.18"]
[White "Arpita Singh"]
[Black "Vaishnavi Radhakrishnan"]
[Result "0-1"]
[Annotator "NA RC"]
[ECO "B72"]
[WhiteElo "1535"]
[BlackElo "1658"]
[PlyCount "112"]
[EventDate "2025.03.25"]
[EventCountry "IND"]
[SourceTitle "playchess.com"]
[Source "ChessBase"]
[SourceQuality "1"]
[TimeControl "5400+30"]

1. e4 c5 2. Nf3 d6 3. d4 cxd4 4. Nxd4 Nf6 5. Nc3 g6 6. Be3 Bg7 7. Bc4 a6 8. a4 Nbd7 9. O-O O-O 10. Re1 Nc5 11. f3 Qc7 12. Qe2 Nfd7 13. Nd5 Qd8 14. b4 e5 15. Nb3 Nxb3 16. Bxb3 h6 17. Qd2 Kh7 18. a5 f5 19. Rad1 f4 20. Bb6 Nxb6 21. Nxb6 Rb8 22. Qxd6 Qg5 23. Be6 Bxe6 24. Qxe6 Rbe8 25. Qd5 Re7 26. Nd7 Rc8 27. Nc5 Qh4 28. Qd2 Rec7 29. Rc1 Qe7 30. Red1 Qe8 31. Qe2 Bf8 32. Nd3 Qb5 33. Qe1 Rxc2 34. Rxc2 Rxc2 35. Qh4 Bg7 36. Qe7 Qc4 37. Qxb7 Qd4+ 38. Kh1 Qxd3 39. Rg1 Qe3 40. Qxa6 Rc1 41. Rf1 Qd2 42. h3 Rc2 43. Rg1 Qxb4 44. Ra1 Qc5 45. Qf1 Qa7 46. a6 Rc8 47. Qg1 Qxg1+ 48. Kxg1 Ra8 49. Kf2 Bf8 50. Ke2 Kg7 51. Kd3 Bc5 52. Kc4 Bd4 53. Ra2 Kf7 54. Kb5 Rc8 55. Ra4 Ke6 56. Ra3 Kd6 0-1

[Event "12th National Amateur Chess-ch 2025"]
[Site "Bihar"]
[Date "2025.03.26"]
[Round "3.19"]
[White "Disha U A"]
[Black "Gawande Devanshi"]
[Result "1/2-1/2"]
[Annotator "NA RC"]
[ECO "B82"]
[WhiteElo "1643"]
[BlackElo "1527"]
[PlyCount "90"]
[EventDate "2025.03.25"]
[EventCountry "IND"]
[SourceTitle "playchess.com"]
[Source "ChessBase"]
[SourceQuality "1"]
[TimeControl "5400+30"]

1. e4 c5 2. Nf3 Nc6 3. d4 cxd4 4. Nxd4 d6 5. Nc3 Nf6 6. f4 e6 7. Nf3 Be7 8. Bd3 a6 9. O-O Bd7 10. Kh1 Qc7 11. Qe2 Rc8 12. Bd2 b5 13. a3 Na5 14. e5 Ng4 15. h3 Nh6 16. exd6 Bxd6 17. Nd5 Qb7 18. Bxa5 Qxd5 19. Ne5 Bxe5 20. fxe5 O-O 21. Rad1 Qb7 22. Be4 Bc6 23. Bxc6 Qxc6 24. Bc3 Nf5 25. Qf3 Qc4 26. Rd3 a5 27. Bxa5 Qxc2 28. Bc3 Qa4 29. Rfd1 Qa7 30. Rd7 Rc7 31. Rd8 Rc8 32. Rxc8 Rxc8 33. Qd3 Qb8 34. Ba5 h5 35. Bc3 Qb7 36. Qf3 Qc7 37. Rd3 Rd8 38. b3 Rxd3 39. Qxd3 Qc5 40. a4 bxa4 41. bxa4 Qf2 42. Qf3 Ng3+ 43. Kh2 Nf1+ 44. Kh1 Ng3+ 45. Kh2 Nf1+ 1/2-1/2

[Event "12th National Amateur Chess-ch 2025"]
[Site "Bihar"]
[Date "2025.03.26"]
[Round "3.20"]
[White "Navya Goenka"]
[Black "Kashvy Sabharwal"]
[Result "0-1"]
[Annotator "NA RC"]
[ECO "C01"]
[WhiteElo "1499"]
[BlackElo "1640"]
[PlyCount "67"]
[EventDate "2025.03.25"]
[EventCountry "IND"]
[SourceTitle "playchess.com"]
[Source "ChessBase"]
[SourceQuality "1"]
[TimeControl "5400+30"]

1. e4 e6 2. d4 d5 3. exd5 exd5 4. Nf3 Bd6 5. Bd3 Nc6 6. c3 Bg4 7. Be3 Nge7 8. Nbd2 Qd7 9. Qc2 O-O-O 10. O-O-O Kb8 11. h3 Bh5 12. Kb1 h6 13. Rc1 f5 14. g3 g5 15. Ne5 Bxe5 16. dxe5 Nxe5 17. Bf1 f4 18. Ka1 fxe3 19. fxe3 Bg6 20. Qb3 Nf5 21. e4 Nxg3 22. Rg1 Nxf1 23. Rgxf1 dxe4 24. Nc4 Nxc4 25. Qxc4 Qd3 26. Qe6 e3 27. Rfe1 Rhe8 28. Qg4 e2 29. a3 Bf7 30. c4 Re4 31. Qf5 Bxc4 32. Qf6 Red4 33. Qe7 Qb3 34. Rxc4 0-1